AoeStats
← Rain

African Clearing

504423051Analyzed
4v4 RM · 27d ago on Sep 5, 2026· 25m 54s· 8 players
Game mode
Random Map
Map size
Large (8 player)
Population
200
Speed
Normal
Resources
Standard
Victory
Conquest
Starting age
Dark Age
Ending age
Imperial Age
RankedLock teamsTeams togetherTeam positionsShared explorationLock speedFull tech treeHidden civsTurbo modeCheats
Victory
Defeat
🇬🇧 Jurchens · United Kingdom
1140
+16
🇹🇷 Dravidians · Türkiye
1090
+18
🇲🇽 Vietnamese · Mexico
1086
+19
🇬🇧 Tupi · United Kingdom
1084
+19
🇹🇼 Burgundians · Taiwan
1199
-20
🇷🇺 Japanese · Russia
1159
-19
🇨🇳 Italians · China
1138
-18
🇨🇳 Vikings · China
1078
-15
uu
10:11 Loom
15:20 Feudal Age
ZHurald ZHurdrada
5:07 Loom
5:13 Loom
15:37 Feudal Age
19:42 Fletching
19:52 Scale Mail Armor
21:38 Forging
21:32 Town Watch
21:44 Double-Bit Axe
21:56 Man-at-Arms
周杰伦
13:19 Feudal Age
14:52 Double-Bit Axe
20:03 Horse Collar
22:55 Castle Age
21:46 Man-at-Arms
22:23 Arson
24:05 Gold Mining
24:01 Long Swordsman
Rain
10:04 Double-Bit Axe
14:52 Feudal Age
13:23 Horse Collar
14:50 Loom
24:08 Heavy Plow
25:50 Scale Mail Armor
Brooony
6:00 Loom
12:29 Feudal Age
18:32 Forging
19:43 Bloodlines
24:50 Scale Barding Armor
b² - 4ac
3:46 Loom
15:14 Feudal Age
19:49 Castle Age
20:45 Scale Barding Armor
22:00 Husbandry
23:06 Chain Barding Armor
Kiki da 1.75Handed
5:40 Loom
12:35 Feudal Age
18:55 Castle Age
17:06 Horse Collar
17:56 Double-Bit Axe
19:24 Fletching
19:46 Champi Runner
22:14 Bodkin Arrow
24:37 Champi Warrior
26:18 Murder Holes
Nuhro
11:56 Loom
15:03 Feudal Age
16:30 Double-Bit Axe
Connection lost

Rejoining the realm…

Still unreachable

The connection could not be restored.

Session expired

The server has moved on; the page needs a fresh start.